 Dungeon Crawl Stone Soup version 0.29.0-11-gd7f09526c8 (webtiles) character file.

Game seed: 756506727138923952

71 Zeldest the Grasshopper (level 4, -4/36 HPs)
             Began as a Meteoran Warper on Sept 3, 2022.
             Slain by an iguana (5 damage)
             ... on level 3 of the Dungeon.
             The game lasted 00:04:17 (965 turns).

Zeldest the Grasshopper (Meteoran Warper)            Turns: 965, Time: 00:04:17

Health: -4/36      AC:  4    Str: 12 (15) XL:     4   Next: 75%
Magic:  0/9        EV: 11    Int: 12 (14) God:
Gold:   57         SH:  0    Dex: 11 (13) Spells: 8/8 levels left

rFire   . . .      SeeInvis .     - Unarmed
rCold   . . .      Faith    .   (no shield)
rNeg    . . .      Spirit   +   a - +0 leather armour
rPois   .          Reflect  .   (no helmet)
rElec   .          Harm     .   d - +0 cloak
rCorr   .          Rampage  .   (no gloves)
Will    .....                   (no boots)
Stlth   +.........              b - amulet of guardian spirit
HPRegen 0.12/turn               (no ring)
MPRegen 0.11/turn               (no ring)

@: about to teleport, glowing
A: sense surroundings 1, otherworldly, glowing, explore regen
a: no special abilities


You were on level 3 of the Dungeon.
You visited 1 branch of the dungeon, and saw 3 of its levels.

You collected 57 gold pieces.

Inventory:

Missiles
 c - 7 boomerangs of dispersal (quivered)
Armour
 a - a +0 leather armour (worn)
 d - a +0 cloak (worn)
Jewellery
 b - an amulet of guardian spirit (around neck)
Scrolls
 e - 2 scrolls of teleportation
 f - 3 scrolls of identify
 h - a scroll of magic mapping {unknown}
 j - a scroll of enchant armour {unknown}
 k - a scroll of butterflies {unknown}
Potions
 g - a potion of flight


   Skills:
 - Level 2.1 Fighting
 - Level 1.2 Throwing
 - Level 1.2 Armour
 - Level 2.4 Dodging
 + Level 3.6 Unarmed Combat
 - Level 2.6 Spellcasting
 + Level 4.5 Translocations
 + Level 2.3 Transmutations


You had 8 spell levels left.
You didn't know any spells.
Your spell library contained the following spells:

 Spells                   Type           Power      Damage    Failure   Level
 Blink                    Tloc           24%        N/A       8%          2
 Gell's Gravitas          Tloc           12%        N/A       16%         3
 Lesser Beckoning         Tloc           12%        N/A       16%         3
 Teleport Other           Tloc           12%        N/A       16%         3
 Portal Projectile        Hex/Tloc       14%        N/A       36%         3
 Tukima's Dance           Hex            1%         N/A       67%         3
 Manifold Assault         Tloc           12%        N/A       80%         5
 Blade Hands              Tmut           3%         N/A       98%         5


Dungeon Overview and Level Annotations

Branches:
Dungeon (3/15) Zot: 841

Altars:


Innate Abilities, Weirdness & Mutations

You passively map a small area around you.
You are easily found by Zot.
You glow in the dark.
You regain HP and MP as you explore.


Message History

You hit the iguana but do no damage. The iguana bites you!
You barely miss the iguana. The iguana bites you.
You hit the iguana.
The iguana is moderately wounded.
The iguana bites you!
You completely miss the iguana.
The iguana is moderately wounded.
The iguana bites you but does no damage.
You barely miss the iguana.
The iguana is moderately wounded.
You barely miss the iguana.
The iguana is moderately wounded.
The iguana barely misses you.
You closely miss the iguana.
The iguana is moderately wounded.
The iguana bites you.
You hit the iguana but do no damage.
The iguana is moderately wounded.
The iguana barely misses you.
You closely miss the iguana.
The iguana is moderately wounded.
The iguana bites you.
* * * LOW HITPOINT WARNING * * *
You don't know any spells.
You aren't carrying any items that you can evoke.
Unknown command.
As you read the scroll labelled YTADIM LECWUE, it crumbles to dust.
It is a scroll of identify.
g - a potion of flight The iguana bites you.
* * * LOW HITPOINT WARNING * * *
It was a potion of degeneration.
There was something very wrong with that liquid.
You feel weakened.
You feel dopey.
You feel clumsy. The iguana bites you.
* * * LOW HITPOINT WARNING * * *
As you read the scroll labelled XESICV JILE, it crumbles to dust.
You feel strangely unstable.
It was a scroll of teleportation.
The iguana bites you.
You die...

, #.# #..# #.#
#..####* * #.# #.....
,, *#.# #...# ###* .#.
#.# #...# #.. .#. #.#
#...# #.# #... #.#
#..<# #.# ..#,
,##.####..####.###.##.
#...@l...............
########..###.#..####
* , , , #..# #..<.....
* #.........##### * *
#.........# *
#.........# , ,
#.........# *
#.....##### , , ,
##.##.#


You could see an iguana.

Vanquished Creatures
  A hound (D:2)
  2 worms (D:2)
  A dart slug (D:3)
  4 endoplasms
  3 giant cockroaches
  A goblin (D:2)
  2 hobgoblins (D:1)
  4 jackals (D:1)
  A quokka (D:1)
  2 ball pythons
  4 bats
  4 kobolds
  2 rats
31 creatures vanquished.

Notes
Turn   | Place    | Note
-------+----------+-------------------------------------------
     0 | D:1      | Zeldest the Meteoran Warper began the quest for the Orb.
     0 | D:1      | Reached XP level 1. HP: 17/17 MP: 5/5
   264 | D:2      | Noticed a hound
   279 | D:3      | Noticed an iguana
   367 | D:1      | Reached XP level 2. HP: 24/24 MP: 6/6
   442 | D:1      | Reached skill level 1 in Transmutations
   470 | D:1      | Reached skill level 4 in Translocations
   482 | D:1      | Reached XP level 3. HP: 22/29 MP: 8/8
   658 | D:2      | Reached XP level 4. HP: 5/36 MP: 2/9
   964 | D:3      | HP: 1/36 [iguana (4)]
   965 | D:3      | Slain by an iguana

Illustrated notes

Levels and vault maps discovered:
D:1:      matt_arrival_grand_opening, layout_loops_cross
D:2:      layout_basic, serial_shops, nicolae_shop_hallway_plus,
          mrwooster_statue_mirror
D:3:      layout_basic

Skill      XL: |  1  2  3 |
---------------+----------+-----
Transmutations | 1 2 |  2.3
Unarmed Combat | 3 |  3.6
Translocations | 4 |  4.5
Fighting       | |  2.1
Throwing       | |  1.2
Armour         | |  1.2
Dodging        | |  2.4
Spellcasting   | |  2.6

Action                   |  1- 3 |  4- 6 || total
-------------------------+-------+-------++-------
Melee: Unarmed           |   101 |    65 ||   166
       Punch             |     3 |       ||     3
  Use: Scroll            |     1 |     2 ||     3
       Potion            |       |     1 ||     1
Armor: Leather armour    |    50 |    33 ||    83
Dodge: Dodged            |    75 |    33 ||   108
